 Dungeon Sprint DCSS version 0.30.1-4-g462c640d31 (webtiles) character file.

Game seed: 15070691258426767595

13172 Heoruswealwe the Sorcerer (level 11, -6/47 (54) HPs)
             Began as a Deep Elf Conjurer on Sept 9, 2023.
             Was the Champion of Vehumet.
             Engulfed by a golden dragon's poison gas (9 damage)
             ... in the Dungeon (Sprint I: "Red Sonja").
             The game lasted 00:38:56 (2032 turns).

Heoruswealwe the Sorcerer (Deep Elf Conjurer)       Turns: 2032, Time: 00:38:56

HP:   -6/47 (54)    AC:  4    Str:  4    XL:     11   Next: 72%
MP:   24/43         EV: 12    Int: 28    God:    Vehumet [******]
Gold: 773           SH:  0    Dex: 13    Spells: 10/62 levels left

rFire   . . .        a - staff of conjuration
rCold   . . .        (no shield)
rNeg    . . .        c - +0 robe
rPois   .            (no helmet)
rElec   .            h - +0 cloak
rCorr   .            f - +0 pair of gloves
SInv    .            (no boots)
Will    +....        (no amulet)
Stlth   ++           (no ring)
HPRegen 0.27/turn    (no ring)
MPRegen 0.28/turn

%: no teleportation
@: lethally poisoned (-6 -> -51), heavily drained, invisible
A: no striking features
a: Renounce Religion


You were in the Dungeon.
You worshipped Vehumet.
Vehumet was exalted by your worship.
You visited 1 branch You collected 2504 gold pieces.
You spent 1696 gold pieces at shops.
You donated 35 gold pieces to Zin.

Inventory:

Hand Weapons
 b - a +0 scythe
Armour
 c - a +0 robe (worn)
 f - a +0 pair of gloves (worn)
 h - a +0 cloak (worn)
 q - a +0 troll leather armour
 s - a +0 leather armour of fire resistance
Magical Staves
 a - a staff of conjuration (weapon)
 p - a staff of air
Wands
 g - a wand of flame (23)
 n - a wand of charming (12)
 r - a wand of digging (3)
Scrolls
 l - 2 scrolls of enchant weapon
Potions
 e - a potion of haste
 i - 3 potions of magic
 k - a potion of brilliance
 m - a potion of mutation
 o - 2 potions of curing


   Skills:
 - Level 2.4 Dodging
 - Level 2.4 Stealth
 + Level 26.0 Spellcasting
 + Level 22.6 Conjurations


You had 10 spell levels left.
You knew the following spells:

 Your Spells              Type           Power      Damage    Failure   Level
a - Magic Dart            Conj           100%       1d8       0%          1
b - Kiss of Death         Conj/Necr      100%       2d13      0%          1
c - Searing Ray           Conj           100%       2d8       0%          2
d - Momentum Strike       Conj/Tloc      100%       3d10      0%          2
e - Stone Arrow           Conj/Erth      100%       3d13      0%          3
f - Dazzling Flash        Conj/Hex       100%       N/A       0%          3
g - Iskenderun's Mystic   Conj/Tloc      99%        2d19      1%          4
h - Fulminant Prism       Conj/Hex       49%        3d20      1%          4
i - Fireball              Conj/Fire      49%        3d19      1%          5
j - Iskenderun's Battles  Conj           100%       2d15      0%          5
k - Iron Shot             Conj/Erth      49%        9d9       1%          6
l - Orb of Destruction    Conj           63%        9d15      1%          7
m - Chain Lightning       Conj/Air       49%        3d66      86%         9

Your spell library contained the following spells:

 Spells                   Type           Power      Damage    Failure   Level
 Lee's Rapid Deconstruct  Erth           18%        3d11*     6%          5
 Summon Small Mammal      Summ           100%       N/A       1%          1
 Frozen Ramparts          Ice            72%        1d11      1%          3
 Call Canine Familiar     Summ           36%        N/A       2%          3
 Summon Guardian Golem    Hex/Summ       36%        N/A       2%          3
 Ice Form                 Ice/Tmut       36%        N/A       8%          4
 Summon Ice Beast         Ice/Summ       36%        N/A       8%          4


Dungeon Overview and Level Annotations

Branches:
Dungeon (1/1)

Altars:
Cheibriados
Dithmenos
Elyvilon
Fedhas
Gozag
Hepliaklqana
Kikubaaqudgha
Makhleb
Nemelex Xobeh
Okawaru
Qazlal
Ru
Sif Muna
Trog
Uskayaw
Vehumet
Wu Jian
Xom
Yredelemnul
Zin
The Shining One
Jiyva
Lugonu

Shops:
D [:!*=*??((*([(=:[(![(


Message History

Found a staff of conjuration.
Okay, then.
Casting: Iron Shot (dangerous; 1% risk of failure)
Confirm with . or Enter, or press ? or * to list all spells.
Aiming: Orb of Destruction (safe; 1% risk of failure)
Press: ? - help, Shift-Dir - straight line, f - golden dragon
Aim: a golden dragon (asleep)
You feel a surge of power!
Found a transparent lajatang.
Casting: Orb of Destruction (safe; 1% risk of failure)
Confirm with . or Enter, or press ? or * to list all spells.
Aiming: Orb of Destruction (safe; 1% risk of failure)
Press: ? - help, Shift-Dir - straight line, f - shadow dragon
Aim: a shadow dragon (asleep)
You feel a surge of power!
The shadow dragon breathes negative energy at you.
The bolt of negative energy hits you!!
You feel drained.
Ouch! That really hurt!
You feel much better.
Casting: Orb of Destruction (safe; 1% risk of failure)
Confirm with . or Enter, or press ? or * to list all spells.
Okay, then.
You feel a surge of power!
The iron shot hits the shadow dragon!
The shadow dragon is lightly wounded.
The shadow dragon breathes negative energy at you.
The bolt of negative energy hits you!!!
You feel drained.
Ouch! That really hurt!
* * * LOW HITPOINT WARNING * * *
The golden dragon breathes poison at you.
You feel better.
You are engulfed in poison gas.
You are poisoned.
You feel very sick.
You open the door.
You are engulfed in poison gas.
You are lethally poisoned!
* * * LOW HITPOINT WARNING * * *
x2 You feel very sick.
Okay, then.
Okay, then.
You fade into invisibility!
You are more poisoned.
You die...

##################
÷§§§§.+†.#..+....#
÷§§§.##..'..#..§§##
#§÷.#######+#§.(§.#
###+# #..§.§#
##§§§.# ###§## #@#
#○# .D. §§.§§
#.§.D°. ..§...|.
#.....)...
##.........


You could see a shadow dragon and a golden dragon.

Vanquished Creatures
  A hydra (D)
  2 centaur warriors (D)
  Sonja (D)
  A deep troll (D)
  A lindwurm (D)
  An oklob plant (D)
  8 shining eyes (D)
  2 kobold demonologists (D)
  2 unseen horrors (D)
  4 demonic crawlers (D)
  A hornet (D)
  Sigmund (D)
  A slime creature (D)
  A yak (D)
  13 hogs (D)
  2 redbacks (D)
  7 floating eyes (D)
  An ogre (D)
  7 necrophages (D)
  8 jellies (D)
  Ijyb (D)
66 creatures vanquished.

Vanquished Creatures (others)
  2 ballistomycete spores (D)
  2 fulminant prisms (D)
4 creatures vanquished.

Grand Total: 70 creatures vanquished

Notes
Turn   | Place    | Note
-------+----------+-------------------------------------------
     0 | D        | Heoruswealwe the Deep Elf Conjurer began the quest for the
                  | Orb.
     0 | D        | Reached XP level 1. HP: 10/10 MP: 6/6
     1 | D        | Noticed Ijyb
     8 | D        | Killed Ijyb
     9 | D        | Reached skill level 6 in Spellcasting
     9 | D        | Reached XP level 2. HP: 15/15 MP: 7/11
    37 | D        | Noticed an ogre
    44 | D        | Killed an ogre
    45 | D        | Reached skill level 8 in Spellcasting
    45 | D        | Reached XP level 3. HP: 19/19 MP: 5/15
    45 | D        | Reached XP level 4. HP: 24/24 MP: 5/16
    48 | D        | Learned a level 2 spell: Searing Ray
    52 | D        | Learned a level 3 spell: Dazzling Flash
    57 | D        | Learned a level 4 spell: Fulminant Prism
    62 | D        | Learned a level 4 spell: Iskenderun's Mystic Blast
   126 | D        | Noticed Sigmund
   131 | D        | Killed Sigmund
   132 | D        | Reached skill level 11 in Spellcasting
   132 | D        | Reached skill level 10 in Conjurations
   132 | D        | Reached XP level 5. HP: 28/28 MP: 9/21
   132 | D        | Reached XP level 6. HP: 32/32 MP: 9/22
   201 | D        | Found an ornate altar of the Wu Jian Council.
   201 | D        | Found a shimmering blue altar of Sif Muna.
   203 | D        | Found a radiant altar of Vehumet.
   206 | D        | Reached skill level 12 in Spellcasting
   232 | D        | Found Unoimuyff's Assorted Antiques.
   232 | D        | Found an ancient bone altar of Kikubaaqudgha.
   232 | D        | Found a hazy altar of Hepliaklqana.
   232 | D        | Found a stormy altar of Qazlal.
   232 | D        | Found a hide-covered altar of Uskayaw.
   232 | D        | Found a blossoming altar of Fedhas.
   232 | D        | Found a bloodstained altar of Trog.
   232 | D        | Found an iron altar of Okawaru.
   232 | D        | Found a basalt altar of Yredelemnul.
   232 | D        | Found a glowing golden altar of the Shining One.
   232 | D        | Found a snail-covered altar of Cheibriados.
   232 | D        | Found a sacrificial altar of Ru.
   232 | D        | Found a glowing silver altar of Zin.
   232 | D        | Found a shadowy altar of Dithmenos.
   232 | D        | Found a white marble altar of Elyvilon.
   232 | D        | Noticed a yak
   241 | D        | Killed a yak
   242 | D        | Reached skill level 13 in Spellcasting
   244 | D        | Found an opulent altar of Gozag.
   245 | D        | Found a sparkling altar of Nemelex Xobeh.
   250 | D        | Became a worshipper of Zin the Law-Giver
   250 | D        | Reached * piety under Zin
   250 | D        | Reached ** piety under Zin
   250 | D        | Reached *** piety under Zin
   250 | D        | Reached **** piety under Zin
   250 | D        | Reached ***** piety under Zin
   250 | D        | Reached ****** piety under Zin
   253 | D        | Bought a scroll labelled ETRISIG OTUEP for 26 gold pieces
   253 | D        | Bought a glowing yellow potion for 23 gold pieces
   253 | D        | Bought a yellow potion for 23 gold pieces
   253 | D        | Bought a scroll labelled VIHAIPHITA for 26 gold pieces
   253 | D        | Bought a scroll labelled VIHAIPHITA for 26 gold pieces
   253 | D        | Bought a lumpy white potion for 23 gold pieces
   253 | D        | Bought a twisted silver wand for 104 gold pieces
   326 | D        | Noticed Sonja
   331 | D        | Killed Sonja
   332 | D        | Reached skill level 16 in Spellcasting
   332 | D        | Reached XP level 7. HP: 5/36 MP: 13/28
   349 | D        | Found Buihosoy's Antique Armour Boutique.
   357 | D        | Bought a pair of gloves for 94 gold pieces
   415 | D        | Noticed a shining eye
   415 | D        | Noticed a shining eye
   415 | D        | Noticed a shining eye
   417 | D        | Noticed a shining eye
   420 | D        | Paralysed by a floating eye for 4 turns
   421 | D        | Noticed a shining eye
   425 | D        | Paralysed by a floating eye for 3 turns
   429 | D        | Paralysed by a floating eye for 3 turns
   434 | D        | Paralysed by a floating eye for 2 turns
   438 | D        | Paralysed by a floating eye for 2 turns
   440 | D        | Killed a shining eye
   441 | D        | Reached skill level 17 in Spellcasting
   441 | D        | Reached XP level 8. HP: 41/41 MP: 29/31
   443 | D        | Paralysed by a floating eye for 3 turns
   448 | D        | Paralysed by a floating eye for 3 turns
   453 | D        | Paralysed by a floating eye for 3 turns
   459 | D        | Paralysed by a floating eye for 4 turns
   464 | D        | Killed a shining eye
   465 | D        | Reached skill level 15 in Conjurations
   465 | D        | Paralysed by a floating eye for 3 turns
   469 | D        | Paralysed by a floating eye for 2 turns
   470 | D        | Reached skill level 18 in Spellcasting
   474 | D        | Reached XP level 9. HP: 45/45 MP: 33/33
   487 | D        | Killed a shining eye
   488 | D        | Reached skill level 19 in Spellcasting
   505 | D        | Killed a shining eye
   507 | D        | Noticed a shining eye
   508 | D        | Noticed a shining eye
   508 | D        | Noticed a shining eye
   509 | D        | Paralysed by a floating eye for 3 turns
   542 | D        | Killed a shining eye
   543 | D        | Reached skill level 20 in Spellcasting
   554 | D        | Killed a shining eye
   573 | D        | Killed a shining eye
   574 | D        | Reached skill level 21 in Spellcasting
   574 | D        | Reached XP level 10. HP: 50/50 MP: 35/37
   597 | D        | Killed a shining eye
   615 | D        | Fell from the grace of Zin
   615 | D        | Became a worshipper of Vehumet
   685 | D        | Noticed a deep troll
   694 | D        | Killed a deep troll
   706 | D        | Found Veis's Armour Emporium.
   782 | D        | Found Inask's Book Shoppe.
   782 | D        | Found Sasibofe's Jewellery Shop.
   782 | D        | Found Wiceo's Distillery.
   782 | D        | Found Likhamink's General Store.
   795 | D        | Bought a +0 cloak for 63 gold pieces
   849 | D        | Found a burning altar of Makhleb.
   849 | D        | Found a viscous altar of Jiyva.
   849 | D        | Found a shimmering altar of Xom.
   849 | D        | Found a corrupted altar of Lugonu.
   911 | D        | Reached * piety under Vehumet
   911 | D        | Offered knowledge of Sandblast by Vehumet.
   912 | D        | Reached skill level 22 in Spellcasting
   982 | D        | Noticed a centaur warrior
   989 | D        | Noticed a centaur warrior
   994 | D        | Killed a centaur warrior
   994 | D        | Reached ** piety under Vehumet
   995 | D        | Killed a centaur warrior
   996 | D        | Reached skill level 23 in Spellcasting
  1041 | D        | Noticed an oklob plant
  1047 | D        | Killed an oklob plant
  1139 | D        | Offered knowledge of Kiss of Death by Vehumet.
  1139 | D        | Reached *** piety under Vehumet
  1145 | D        | Reached XP level 11. HP: 40/54 MP: 22/40
  1147 | D        | Learned a level 1 spell: Kiss of Death
  1212 | D        | Offered knowledge of Stone Arrow by Vehumet.
  1214 | D        | Reached **** piety under Vehumet
  1223 | D        | Reached ***** piety under Vehumet
  1230 | D        | Reached skill level 24 in Spellcasting
  1352 | D        | Reached ****** piety under Vehumet
  1357 | D        | Learned a level 3 spell: Stone Arrow
  1359 | D        | Identified the +7 hand axe "Paeqoc" {freeze, Str+3 Dex+4}
  1383 | D        | Found Vechu's Weapon Boutique.
  1383 | D        | Found Egevu's Antique Weapon Emporium.
  1383 | D        | Found Quaschei's Distillery.
  1385 | D        | Found Lasema's Antique Armour Boutique.
  1385 | D        | Found Dymmuant's Book Shoppe.
  1385 | D        | Found Xinuc's Jewellery Shop.
  1385 | D        | Found Raxutid's Antique Weapon Emporium.
  1385 | D        | Found Afroi's Armour Boutique.
  1385 | D        | Found Vufiufioq's Antique Weapon Shoppe.
  1385 | D        | Found Oreza Cats's General Store.
  1389 | D        | Found Tostretz's Antique Weapon Emporium.
  1390 | D        | Found Zutapefo's Antique Weapon Boutique.
  1390 | D        | Found Hunyethru's Magic Scroll Shoppe.
  1391 | D        | Found Tiash's Magic Scroll Shop.
  1400 | D        | Bought a scroll of acquirement for 676 gold pieces
  1403 | D        | Bought a scroll of acquirement for 520 gold pieces
  1412 | D        | Acquired Punoxas's Papyrus of Pyromancy and Power
  1417 | D        | Learned a level 2 spell: Momentum Strike
  1423 | D        | Learned a level 5 spell: Fireball
  1431 | D        | Learned a level 6 spell: Iron Shot
  1439 | D        | Learned a level 7 spell: Orb of Destruction
  1449 | D        | Learned a level 9 spell: Chain Lightning
  1454 | D        | Bought a scroll of identify for 22 gold pieces
  1454 | D        | Bought a scroll of identify for 22 gold pieces
  1454 | D        | Bought a scroll of identify for 22 gold pieces
  1472 | D        | Acquired a staff of conjuration
  1481 | D        | Bought a scroll of identify for 26 gold pieces
  1518 | D        | Offered knowledge of Airstrike by Vehumet.
  1665 | D        | Noticed a lindwurm
  1670 | D        | Killed a lindwurm
  1670 | D        | Offered knowledge of Iskenderun's Battlesphere by Vehumet.
  1671 | D        | Reached skill level 25 in Spellcasting
  1677 | D        | Learned a level 5 spell: Iskenderun's Battlesphere
  1710 | D        | Offered knowledge of Lee's Rapid Deconstruction by Vehumet.
  1815 | D        | Noticed a 12-headed hydra
  1817 | D        | Killed a 12-headed hydra
  1818 | D        | Reached skill level 26 in Spellcasting
  2024 | D        | Noticed a shadow dragon
  2024 | D        | Noticed a golden dragon
  2032 | D        | Engulfed by a golden dragon's poison gas

Illustrated notes

Levels and vault maps discovered:
D:        dungeon_sprint_1 [red_sonja_temple_1, red_sonja_temple_small_1]

Skill      XL: |  1  2  3  4  5  6  7  8  9 10 11 |
---------------+----------------------------------+-----
Spellcasting   | 6 8 11 16 17 18 21 23 26 | 26.0
Conjurations   | 6 8 10 14 16 18 20 22 | 22.6
Dodging        | |  2.4
Stealth        | |  2.4

Action                     |  1- 3 |  4- 6 |  7- 9 | 10-12 || total
---------------------------+-------+-------+-------+-------++-------
  Melee: Unarmed           |     6 |       |       |       ||     6
         Halberd           |       |       |   124 |    17 ||   141
   Cast: Magic Dart        |     6 |       |       |     3 ||     9
         Searing Ray       |       |     5 |       |     2 ||     7
         Iskenderun's Myst |       |     4 |       |    45 ||    49
         Fulminant Prism   |       |     1 |       |     1 ||     2
         Iron Shot         |       |       |       |    10 ||    10
         Orb of Destructio |       |       |       |     2 ||     2
  Evoke: Wand              |     1 |       |       |     1 ||     2
    Use: Potion            |     1 |       |     1 |     3 ||     5
         Scroll            |     1 |       |       |     8 ||     9
 Armour: Robe              |       |       |       |     5 ||     5
  Dodge: Dodged            |     3 |     4 |       |     9 ||    16
